 Dungeon Crawl Stone Soup version 0.28-a0-691-gad6df49e81 (webtiles) character file.

Game seed: 12117560025952893423

613 voltaire321 the Chiller (level 7, -1/46 HPs)
             Began as an Octopode Ice Elementalist on Oct 21, 2021.
             Slain by a killer bee (2 damage)
             ... on level 5 of the Dungeon.
             The game lasted 00:15:41 (5842 turns).

voltaire321 the Chiller (Octopode Ice Elementalist) Turns: 5842, Time: 00:15:42

Health: -1/46      AC:  7    Str:  8    XL:     7   Next: 44%
Magic:  6/12       EV: 11    Int: 18    God:
Gold:   195        SH:  9    Dex: 13    Spells: 5/12 levels left

rFire   . . .      SeeInvis .   h - +8 club
rCold   . . .      Faith    .   e - +1 kite shield
rNeg    . . .      Spirit   .   (helmet restricted)
rPois   .          Reflect  .   (no amulet)
rElec   .          Harm     .   c - ring of wizardry
rCorr   .          Rampage  .   (no ring)
Will    .....                   (no ring)
Stlth   ++++......              (no ring)
HPRegen 0.15/turn               (no ring)
MPRegen 0.13/turn               (no ring)
                                (no ring)
                                (no ring)

@: lethally poisoned (-1 -> -4), ice-armoured
A: almost no armour, amphibious, 8 rings, camouflage 1, gelatinous body 1,
(nimble swimmer 1), tentacles
a: no special abilities


You were on level 5 of the Dungeon.
You visited 1 branch of the dungeon, and saw 5 of its levels.

You collected 225 gold pieces.
You spent 30 gold pieces at shops.

Inventory:

Hand Weapons
 h - a +8 club (weapon)
 n - a +2 dagger of venom
Armour
 e - a +1 kite shield (worn)
Jewellery
 c - a ring of wizardry (left tentacle)
 k - a ring of protection from cold
Wands
 f - a wand of flame (28)
 r - a wand of mindburst (1)
Scrolls
 b - 2 scrolls of identify
 i - a scroll of holy word
 l - 2 scrolls of teleportation
Potions
 d - 2 potions of heal wounds
 g - 2 potions of flight {unknown}
 j - 4 potions of might
 o - 4 potions of curing


   Skills:
 + Level 3.0 Fighting
 + Level 3.6 Dodging
 + Level 4.2 Stealth
 * Level 3.3 Shields
 + Level 3.4 Spellcasting
 + Level 5.1 Ice Magic


You had 5 spell levels left.
You knew the following spells:

 Your Spells              Type           Power      Damage    Failure   Level
a - Freeze                Ice            84%        1d10      3%          1
b - Frozen Ramparts       Ice            42%        1d6       11%         3
c - Ozocubu's Armour      Ice            21%        N/A       11%         3

Your spell library contained the following spells:

 Spells                   Type           Power      Damage    Failure   Level
 Animate Skeleton         Necr           6%         N/A       26%         1
 Apportation              Tloc           6%         N/A       26%         1
 Pain                     Necr           12%        1d4       26%         1
 Summon Small Mammal      Summ           12%        N/A       26%         1
 Static Discharge         Conj/Air       3%         N/A       38%         2
 Call Canine Familiar     Summ           3%         N/A       61%         3
 Portal Projectile        Hex/Tloc       6%         N/A       61%         3
 Hailstorm                Conj/Ice       12%        3d5       65%         4
 Leda's Liquefaction      Hex/Erth       1%         N/A       93%         4
 Agony                    Necr           3%         N/A       99%         5
 Excruciating Wounds      Necr           1%         N/A       99%         5
 Lightning Bolt           Conj/Air       1%         1d12      99%         5
 Maxwell's Capacitive Co  Air            1%         ∞         100%        8


Dungeon Overview and Level Annotations

Branches:
Dungeon (5/15)
 Temple: D:4-7

Altars:
Uskayaw

Shops:
D:4 ?


Innate Abilities, Weirdness & Mutations

You cannot wear most types of armour.
You are amphibious.
You can wear up to eight rings at the same time.
Your skin changes colour to match your surroundings (Stealth+).
Your rubbery body absorbs attacks. (AC +1, EV +1)
((You are camouflaged near water. (Stealth+)))
You have tentacles for arms and can constrict up to eight enemies at once.


Message History

The killer bee stings you but does no damage.
The wall freezes the killer bee. x3; The killer bee misses you.
The wall freezes the killer bee.
You kill the killer bee!
The wall freezes the killer bee. x2; The killer bee barely misses you.
The wall freezes the killer bee. x2; The killer bee stings you.
You are poisoned.
The killer bee poisons you!
The wall freezes the killer bee.
Your Fighting skill increases to level 3!
Your Shields skill increases to level 3!
You hit the killer bee. You grab the killer bee.
The killer bee is heavily wounded.
You constrict the killer bee, but do no damage.
You feel very sick.
The wall freezes the killer bee.
You block the killer bee's attack.
The wall freezes the killer bee.
The killer bee stings you but does no damage.
The wall freezes the killer bee.
The killer bee stings you but does no damage.
The wall freezes the killer bee.
The killer bee stings you.
* * * LOW HITPOINT WARNING * * *
The wall freezes the killer bee.
The killer bee barely misses you.
The wall freezes the killer bee.
You block the killer bee's attack.
The wall freezes the killer bee.
The killer bee barely misses you.
The wall freezes the killer bee.
You kill the killer bee!
The adder skeleton completely resists.
The wall freezes the adder skeleton but does no damage.
The wall freezes the killer bee.
The killer bee stings you!
* * * LOW HITPOINT WARNING * * *
The wall freezes the killer bee but does no damage.
The killer bee closely misses you.
You hit the killer bee.
You kill the killer bee!
The frozen ramparts melt away.
* * * LOW HITPOINT WARNING * * *
You feel sick. The killer bee stings you.
* * * LOW HITPOINT WARNING * * *
The killer bee stings you.
You die...

. ##.# . #.. ..
#.## ... ##..##
.... #....##
..... ##.....#
......#......##
.....sy@......#
......†#......##
.....Z#####....#
...... ##...##
### .....
##...######..
....#
###..##.....
.... ##........
... ##....<..
#.......


You could see a scorpion, a killer bee and an adder skeleton.

Vanquished Creatures
  A water moccasin skeleton (D:4)
  5 killer bees (D:5)
  A howler monkey (D:4)
  A centaur skeleton (D:5)
  Ijyb (D:4)
  Natasha (thrice) (D:4)
  An orc wizard (D:3)
  An adder (D:2)
  A white imp (D:5)
  2 ufetubi (D:5)
  2 worms
  4 dart slugs
  5 orcs
  9 bats
  5 endoplasms
  5 giant cockroaches
  14 goblins
  8 hobgoblins
  2 jackals (D:1)
  7 kobolds
  2 quokkas (D:1)
  8 ball pythons
  5 frilled lizards
  7 rats
100 creatures vanquished.

Vanquished Creatures (collateral kills)
  A scorpion (D:4)
  An adder skeleton (D:4)
  A quokka (D:4)
  A ball python (D:4)
4 creatures vanquished.

Grand Total: 104 creatures vanquished

Notes
Turn   | Place    | Note
-------+----------+-------------------------------------------
     0 | D:1      | voltaire321 the Octopode Ice Elementalist began the quest
                  | for the Orb.
     0 | D:1      | Reached XP level 1. HP: 11/11 MP: 3/3
   428 | D:1      | Reached XP level 2. HP: 17/18 MP: 5/5
  1007 | D:1      | Reached skill level 1 in Fighting
  1084 | D:1      | Reached XP level 3. HP: 18/23 MP: 6/6
  1231 | D:1      | Learned a level 3 spell: Frozen Ramparts
  2079 | D:2      | Reached XP level 4. HP: 28/28 MP: 1/7
  2138 | D:2      | Learned a level 3 spell: Ozocubu's Armour
  3082 | D:3      | Reached skill level 1 in Shields
  3284 | D:3      | Reached XP level 5. HP: 24/34 MP: 9/9
  3844 | D:4      | Found a hide-covered altar of Uskayaw.
  3873 | D:4      | Reached XP level 6. HP: 16/39 MP: 10/10
  4000 | D:4      | Noticed Ijyb
  4003 | D:4      | Killed Ijyb
  4057 | D:4      | Found Acrelod's Magic Scroll Emporium.
  4075 | D:4      | Bought a scroll of teleportation for 30 gold pieces
  4191 | D:4      | Noticed Natasha
  4214 | D:4      | Killed Natasha
  4692 | D:4      | Noticed Natasha
  4702 | D:4      | Killed Natasha
  4833 | D:4      | Noticed Natasha
  4843 | D:4      | Killed Natasha
  5085 | D:5      | Entered Level 5 of the Dungeon
  5603 | D:5      | Reached XP level 7. HP: 25/45 MP: 11/11
  5838 | D:5      | Reached skill level 5 in Ice Magic
  5842 | D:5      | HP: 1/46 [killer bee (3)]
  5842 | D:5      | Slain by a killer bee

Illustrated notes

Levels and vault maps discovered:
D:1:      lemuel_arrival_hallway, layout_basic, minmay_heptomino_h4
D:2:      layout_basic, minmay_cut_off
D:3:      layout_rooms, minmay_three_crescents
D:4:      layout_rooms, nicolae_uskayaw_dance_hall, serial_shops,
          nicolae_shop_behind_doors, hangedman_decor_push, uniq_natasha,
          uniq_ijyb
D:5:      layout_cave_pods, lightli_church_of_beogh

Skill      XL: |  1  2  3  4  5  6  7 |
---------------+----------------------+-----
Fighting       | 1 2 3 |  3.0
Shields        | 1 2 3 |  3.3
Dodging        | 3 |  3.6
Stealth        | 3 4 |  4.2
Spellcasting   | 3 |  3.4
Ice Magic      | 5 |  5.1

Action                   |  1- 3 |  4- 6 |  7- 9 || total
-------------------------+-------+-------+-------++-------
Melee: Spear             |   100 |    37 |       ||   137
       Constrict         |    21 |    27 |     2 ||    50
       Tentacles         |    10 |    14 |       ||    24
       Dagger            |       |    36 |       ||    36
       Club              |       |    40 |     9 ||    49
 Cast: Freeze            |    14 |     5 |       ||    19
       Ozocubu's Armour  |       |       |     1 ||     1
       Frozen Ramparts   |       |       |     1 ||     1
Evoke: Wand              |       |     3 |       ||     3
  Use: Scroll            |       |    12 |       ||    12
 Stab: Sleeping          |    15 |     9 |       ||    24
       Distracted        |     1 |       |       ||     1
Armor: Skin              |     9 |    11 |     5 ||    25
Dodge: Dodged            |    43 |    54 |    11 ||   108
Block: Kite shield       |     5 |    46 |    13 ||    64

Table legend: (Time is in decaauts)
 A = Elapsed time spent in this place.
 B = Non-inter-level travel time spent in this place.
 C = Inter-level travel time spent in this place.
 D = Time resting spent in this place.
 E = Time spent auto-exploring this place.
 F = Levels seen in this place.
 G = Mean time per level.
                   A        B        C        D        E       F      G
               +--------+--------+--------+--------+--------+-----+--------+
         Total |   5914 |   5898 |     16 |   2736 |   2094 |   5 | 1182.8 |
       Dungeon |   5914 |   5898 |     16 |   2736 |   2094 |   5 | 1182.8 |
               +--------+--------+--------+--------+--------+-----+--------+

Top non-repeatable levels by time:
     D:1: 1839 daAuts
     D:4: 1293 daAuts
     D:3: 1024 daAuts
     D:2: 986 daAuts
     D:5: 770 daAuts
